 Dungeon Crawl Stone Soup version 0.21.1-1-g345015fe64 (webtiles) character file.

665 Gitz the Chopper (level 7, 0/61 HPs)
             Began as a Hill Orc Fighter on May 21, 2018.
             Was a Follower of Qazlal.
             Succumbed to an orc's poison
             ... on level 6 of the Dungeon.
             The game lasted 00:06:08 (4483 turns).

Gitz the Chopper (Hill Orc Fighter)                 Turns: 4483, Time: 00:06:09

Health: 0/61       AC: 13    Str: 21    XL:     7   Next: 57%
Magic:  7/7        EV: 10    Int:  8    God:    Qazlal [*.....]
Gold:   243        SH: 12    Dex: 10    Spells: 6/6 levels left

rFire    + . .     SeeInvis .   a - +0 war axe
rCold    . . .     Gourm    .   c - +0 shield
rNeg     . . .     Faith    .   i - +0 chain mail
rPois    .         Spirit   .   u - +1 helmet
rElec    .         Reflect  .   (no cloak)
rCorr    .         Harm     .   g - +0 pair of gloves
MR       .....                  (no boots)
Stlth    ..........             (no amulet)
HPRegen  0.20/turn              r - ring of protection from fire
MPRegen  0.10/turn              B - +4 ring of evasion

@: lethally poisoned (0 -> -4)
A: no striking features
a: Renounce Religion


You were on level 6 of the Dungeon.
You worshipped Qazlal.
Qazlal was aware of your devotion.
You were not hungry.

You visited 1 branch of the dungeon, and saw 6 of its levels.
You also visited: Sewer.

You collected 243 gold pieces.

Inventory:

Hand Weapons
 a - a +0 war axe (weapon)
 j - a cursed -3 flail
Armour
 c - a +0 shield (worn)
 g - a +0 pair of gloves (worn)
 i - a +0 chain mail (worn)
 u - a +1 helmet (worn)
Jewellery
 r - a ring of protection from fire (left hand)
 B - a +4 ring of evasion (right hand)
Wands
 p - a wand of paralysis (15)
 q - a wand of digging (6)
 y - a wand of random effects (15)
Scrolls
 b - a scroll of blinking {unknown}
 e - 4 scrolls of remove curse {unknown}
 h - a scroll of teleportation {unknown}
 m - 3 scrolls of identify {unknown}
 o - a scroll of noise {unknown}
 s - a scroll of fog {unknown}
 w - a scroll of enchant weapon {unknown}
Potions
 d - 3 potions of might
 k - 6 potions of heal wounds {unknown}
 l - a potion of lignification {unknown}
 n - 5 potions of curing {unknown}
 t - 2 potions of brilliance {unknown}
 v - a potion of flight {unknown}
 x - a potion of haste {unknown}
 C - a potion of ambrosia {unknown}
 D - a potion of resistance {unknown}
Books
 z - a book of Misfortune

   Spells                             Type                      Level
   a - Confusing Touch                Hexes                        1
   b - Confuse                        Hexes                        3
   c - Gell's Gravitas                Translocation                3
   d - Petrify                        Transmutation/Earth          4
   e - Metabolic Englaciation         Hexes/Ice                    5
   f - Yara's Violent Unravelling     Hexes/Transmutation          5
Comestibles
 f - 8 rations
 A - a chunk of flesh


   Skills:
 + Level 5.2 Fighting
 + Level 7.0 Axes
 + Level 4.8 Armour
 + Level 0.8 Dodging
 + Level 5.4 Shields


You had 6 spell levels left.
You didn't know any spells.

Dungeon Overview and Level Annotations

Branches:
Dungeon (6/15)
 Temple: D:4-7

Altars:
Cheibriados
Elyvilon
Gozag
Hepliaklqana
Makhleb
Qazlal
Uskayaw
Zin

Annotations:
D:6 Prince Ribbit


Message History

You block Prince Ribbit's attack. Prince Ribbit barely misses you.
You closely miss Prince Ribbit.
You feel sick. Prince Ribbit completely misses you.
You miss Prince Ribbit.
You feel sick. Prince Ribbit hits you. You block Prince Ribbit's attack.
Your shield and chain mail prevent you from hitting Prince Ribbit.
You feel sick. Prince Ribbit hits you!
* * * LOW HITPOINT WARNING * * *
You closely miss Prince Ribbit.
You feel sick. You block Prince Ribbit's attack.
Prince Ribbit catches a moth with his tongue.
Prince Ribbit barely misses you.
You closely miss Prince Ribbit.
You feel sick. Prince Ribbit hits you!
* * * LOW HITPOINT WARNING * * *
You block Prince Ribbit's attack.
You miss Prince Ribbit.
* * * LOW HITPOINT WARNING * * *
You feel sick. You block Prince Ribbit's attack.
You closely miss Prince Ribbit.
You die...

#................'
#.################
#.# # #.# # #.# #
########.# #
.........# #
########.# # #@#
#F####
########o...+
.....o....###
..........#
...o...(..#
..........#
..........+
..........#


You could see Prince Ribbit and an orc.

Vanquished Creatures
  2 ogres
  2 big kobolds (Sewer)
  An orc priest (D:4)
  A hound (D:5)
  2 orc wizards (D:4)
  Terence (D:2)
  An iguana (D:5)
  A hound skeleton (D:5)
  7 adders
  A river rat (D:4)
  An adder skeleton (D:6)
  2 worms
  2 dart slugs (D:1)
  2 leopard geckos
  11 orcs
  6 bats
  6 giant cockroaches
  5 goblins
  7 hobgoblins
  2 jackals (D:5)
  20 kobolds
  3 quokkas
  7 ball pythons
  4 frilled lizards
  12 rats
109 creatures vanquished.

Notes
Turn   | Place    | Note
-------+----------+-------------------------------------------
     0 | D:1      | Gitz the Hill Orc Fighter began the quest for the Orb.
     0 | D:1      | Reached XP level 1. HP: 19/19 MP: 1/1
   448 | D:1      | Reached XP level 2. HP: 23/27 MP: 2/2
   586 | D:1      | Reached skill level 3 in Axes
   729 | D:2      | Found an opulent altar of Gozag.
   743 | D:2      | Reached XP level 3. HP: 28/33 MP: 3/3
   799 | D:2      | Found a hide-covered altar of Uskayaw.
   905 | D:2      | Noticed Terence
   917 | D:2      | Killed Terence
   917 | D:2      | Reached XP level 4. HP: 20/40 MP: 4/4
  1273 | D:3      | Reached skill level 4 in Axes
  1636 | D:3      | Reached XP level 5. HP: 47/47 MP: 5/5
  1716 | D:3      | Found a burning altar of Makhleb.
  2041 | D:3      | Found a glowing silver altar of Zin.
  2528 | D:4      | Found a stormy altar of Qazlal.
  2538 | D:4      | Became a worshipper of Qazlal Stormbringer
  2696 | D:4      | Reached skill level 5 in Axes
  2724 | D:4      | Reached XP level 6. HP: 40/53 MP: 6/6
  2725 | D:4      | Found a glowing drain.
  2732 | Sewer    | Entered a sewer
  2876 | Sewer    | Reached * piety under Qazlal
  2973 | Sewer    | Reached skill level 6 in Axes
  3248 | D:4      | Reached skill level 5 in Shields
  3420 | D:5      | Entered Level 5 of the Dungeon
  3518 | D:5      | Reached skill level 5 in Fighting
  3518 | D:5      | Reached XP level 7. HP: 22/61 MP: 7/7
  3938 | D:5      | Found a stormy altar of Qazlal.
  4307 | D:5      | Found a hazy altar of Hepliaklqana.
  4307 | D:5      | Found a snail-covered altar of Cheibriados.
  4307 | D:5      | Found a white marble altar of Elyvilon.
  4450 | D:6      | Noticed Prince Ribbit
  4474 | D:6      | Reached skill level 7 in Axes
  4481 | D:6      | HP: 1/61 [Prince Ribbit (12)]
  4483 | D:6      | Succumbed to an orc's poison

Skill      XL: |  1  2  3  4  5  6  7 |
---------------+----------------------+-----
Axes           | 3 4 5 6 7 |  7.0
Fighting       | 4 5 |  5.2
Shields        | 4 5 |  5.4
Armour         | 4 |  4.8
Dodging        | |  0.8

Action                   |  1- 3 |  4- 6 |  7- 9 || total
-------------------------+-------+-------+-------++-------
Melee: War axe           |    90 |   213 |    72 ||   375
  Eat: Chunk             |       |     9 |     3 ||    12
Armor: Scale mail        |     7 |       |       ||     7
       Chain mail        |    48 |   150 |    30 ||   228
Dodge: Dodged            |    20 |    55 |    22 ||    97
Block: Shield            |    37 |   130 |    35 ||   202
